 Dungeon Crawl Stone Soup version 0.30-a0-777-ga9a30cbeda (webtiles) character file.

Game seed: 4754975640815833223

58 Spectrina the Poker (level 4, 0/33 HPs)
             Began as a Merfolk Reaver on Feb 13, 2023.
             Succumbed to an adder's poison
             ... on level 4 of the Dungeon on Feb 14, 2023.
             The game lasted 00:04:53 (589 turns).

Spectrina the Poker (Merfolk Reaver)                 Turns: 589, Time: 00:04:54

Health: 0/33       AC:  3    Str: 14    XL:     4   Next: 1%
Magic:  8/8        EV: 11    Int: 12    God:
Gold:   56         SH:  3    Dex: 12    Spells: 6/9 levels left

rFire   + . .      SeeInvis .    a - +0 spear
rCold   + . .      Faith    .    k - +0 buckler
rNeg    . . .      Spirit   .    b - +0 leather armour
rPois   +          Reflect  .    (no helmet)
rElec   +          Harm     .    (no cloak)
rCorr   +          Rampage  .    (no gloves)
Will    .....                    (no boots)
Stlth   +                        (no amulet)
HPRegen 0.25/turn                (no ring)
MPRegen 0.11/turn                (no ring)

@: lethally poisoned (0 -> -1), resistant, flying
A: (nimble swimmer 2), mertail
a: no special abilities


You were on level 4 of the Dungeon.
You visited 1 branch of the dungeon, and saw 4 of its levels.

You collected 56 gold pieces.

Inventory:

Hand Weapons
 a - a +0 spear (weapon)
 m - a +0 heavy war axe
Missiles
 g - 2 boomerangs (quivered)
Armour
 b - a +0 leather armour (worn)
 k - a +0 buckler (worn)
Scrolls
 c - 2 scrolls of teleportation {unknown}
 f - 3 scrolls of identify {unknown}
 h - a scroll of immolation {unknown}
 j - a scroll of brand weapon {unknown}
Potions
 d - a potion of flight
 e - a potion of heal wounds {unknown}
 l - a potion of cancellation {unknown}


   Skills:
 - Level 2.1 Fighting
 + Level 5.3 Polearms
 - Level 2.6 Dodging
 + Level 3.0 Spellcasting
 - Level 2.4 Conjurations


You had 6 spell levels left.
You knew the following spells:

 Your Spells              Type           Power      Damage    Failure   Level
a - Kiss of Death         Conj/Necr      16%        2d6       26%         1
f - Momentum Strike       Conj/Tloc      8%         3d8       36%         2

Your spell library contained the following spells:

 Spells                   Type           Power      Damage    Failure   Level
 Hailstorm                Conj/Ice       4%         3d4       61%         3


Dungeon Overview and Level Annotations

Branches:
Dungeon (4/15)
 Temple: D:4-7

Altars:
Okawaru

Shops:
D:2 *


Innate Abilities, Weirdness & Mutations

((You are very nimble when in or above water. (Stealth+, EV+, Speed+++)))
Your lower body shifts to a powerful aquatic tail in water.


Message History

An endoplasm comes into view.
The adder bites you.
You are poisoned.
The adder poisons you!
You closely miss the adder.
You feel sick.
The endoplasm quivers.
The adder bites you.
You hit the adder but do no damage.
You feel sick. The adder bites you.
You are more poisoned.
The adder poisons you!
You barely miss the adder.
You feel sick. The adder barely misses you.
You hit the adder but do no damage.
You feel sick. The adder closely misses you.
You hit the adder.
The adder is moderately wounded.
You feel sick.
The adder bites you but does no damage. x2
You puncture the adder!
You kill the adder!
You feel sick.
The goblin shoots a sling bullet.
The sling bullet hits you.
* * * LOW HITPOINT WARNING * * *
You have reached level 4!
Reach: a) +0 spear
Press: ? - help, Dir - move target, f - goblin
Aim: a goblin, wielding a +0 sling (about 44% to evade your +0 spear)
You reach to attack!
You hit the goblin but do no damage.
You feel sick.
It was a potion of flight.
You feel very buoyant.
You fly up into the air.
You feel sick.
The endoplasm hits you but does no damage.
You hit the endoplasm.
The endoplasm is severely wounded.
You feel sick.
The endoplasm hits you but does no damage.
You hit the endoplasm.
The endoplasm is almost dead.
You feel sick. The endoplasm hits you.
* * * LOW HITPOINT WARNING * * *
It was a potion of resistance.
You feel protected.
You die...

##~#####
####~~....#
######~~~~####.#
#~~~~~~.###
#~~#####.#######
#........
#.####### #.#
#@# #J#
.......g?......
###..#(...#####
#. _#$.## #.
.#..## # .. ...
.# #.# #. #..


You could see an endoplasm and a goblin.

Vanquished Creatures
  3 adders
  A dart slug (D:1)
  3 ball pythons
  2 bats
  3 endoplasms (D:2)
  A giant cockroach (D:1)
  4 goblins
  2 hobgoblins
  2 jackals
  2 quokkas (D:2)
  A frilled lizard (D:2)
  2 kobolds (D:2)
  2 rats (D:1)
28 creatures vanquished.

Notes
Turn   | Place    | Note
-------+----------+-------------------------------------------
     0 | D:1      | Spectrina the Merfolk Reaver began the quest for the Orb.
     0 | D:1      | Reached XP level 1. HP: 16/16 MP: 3/3
   117 | D:1      | Reached XP level 2. HP: 22/22 MP: 5/5
   120 | D:1      | Learned a level 2 spell: Momentum Strike
   313 | D:2      | Reached XP level 3. HP: 26/27 MP: 6/6
   352 | D:2      | Found Boetefod's General Store.
   361 | D:2      | Found a faded altar of an unknown god.
   444 | D:2      | Reached skill level 5 in Polearms
   575 | D:4      | Found an iron altar of Okawaru.
   585 | D:4      | Reached XP level 4. HP: 7/33 MP: 8/8
   588 | D:4      | HP: 1/33 [endoplasm (3)]
   589 | D:4      | Succumbed to an adder's poison

Illustrated notes

Levels and vault maps discovered:
D:1:      saegor_arrival_simple_d, layout_rooms
D:2:      layout_rooms, serial_shops, shop, basic_ecumenical_altar
D:3:      layout_basic
D:4:      layout_loops_ring, okawaru_metal_pillars_1_2, evilmike_ruin_ashenzari,
          serial_shops, kennysheep_mini_moat, shop_statue, minmay_manual_mullet

Skill      XL: |  1  2  3 |
---------------+----------+-----
Polearms       | 5 |  5.3
Spellcasting   | 3 |  3.0
Fighting       | |  2.1
Dodging        | |  2.6
Conjurations   | |  2.4

Action                     |  1- 3 |  4- 6 || total
---------------------------+-------+-------++-------
  Melee: Spear             |   101 |     3 ||   104
  Throw: Boomerang         |    11 |       ||    11
    Use: Potion            |       |     2 ||     2
 Armour: Leather armour    |    21 |     2 ||    23
  Dodge: Dodged            |    47 |       ||    47
  Block: Buckler           |     6 |       ||     6

Table legend: (Time is in decaauts)
 A = Elapsed time spent in this place.
 B = Non-inter-level travel time spent in this place.
 C = Inter-level travel time spent in this place.
 D = Time resting spent in this place.
 E = Time spent auto-exploring this place.
 F = Levels seen in this place.
 G = Mean time per level.
                   A        B        C        D        E       F      G
               +--------+--------+--------+--------+--------+-----+--------+
         Total |    579 |    481 |     98 |      0 |      0 |   4 |  144.8 |
       Dungeon |    579 |    481 |     98 |      0 |      0 |   4 |  144.8 |
               +--------+--------+--------+--------+--------+-----+--------+

Top non-repeatable levels by time:
     D:1: 295 daAuts
     D:2: 231 daAuts
     D:4: 29 daAuts
     D:3: 23 daAuts
